 Dungeon Crawl Stone Soup version 0.20.2-3-g29329e0561 (webtiles) character file.

206 Alfie the Shield-Bearer (level 5, -2/47 HPs)
             Began as a Hill Orc Fighter on Apr 18, 2024.
             Slain by a slave (3 damage)
             ... led by Pikel
             ... on level 4 of the Dungeon.
             The game lasted 00:09:02 (2462 turns).

Alfie the Shield-Bearer (Hill Orc Fighter)          Turns: 2462, Time: 00:09:03

Health: -2/47      AC:  8    Str: 20    XL:     5   Next: 84%
Magic:  5/5        EV:  7    Int:  8    God:
Gold:   266        SH: 13    Dex: 10    Spells: 2/4 levels left

rFire    . . .     SeeInvis .   a - +0 rapier
rCold    . . .     Gourm    .   c - +0 shield
rNeg     . . .     Faith    .   b - +1 scale mail
rPois    .         Spirit   .   (no helmet)
rElec    .         Reflect  +   t - scarf {cloud immunity}
rCorr    .         Harm     .   (no gloves)
MR       .....                  (no boots)
Stlth    ..........             e - +4 amulet of reflection
Regen    0.2/turn               (no ring)
MPRegen  0.1/turn               (no ring)

@: no status effects
A: no striking features
a: no special abilities


You were on level 4 of the Dungeon.
You were not hungry.

You visited 1 branch of the dungeon, and saw 4 of its levels.

You collected 266 gold pieces.

Inventory:

Hand Weapons
 a - a +0 rapier (weapon)
Missiles
 l - 6 tomahawks (quivered)
Armour
 b - a +1 scale mail (worn)
 c - a +0 shield (worn)
 t - a scarf of cloud immunity (worn)
Jewellery
 e - a +4 amulet of reflection (around neck)
Scrolls
 h - a scroll of blinking
 i - a scroll of identify
 k - 3 scrolls of teleportation
Potions
 j - a potion of curing {unknown}
 n - a potion of degeneration {unknown}
 p - a potion of cancellation
 s - a potion of flight {unknown}
Comestibles
 f - a bread ration
 g - a royal jelly
 m - 3 fruits


   Skills:
 + Level 4.5 Fighting
 + Level 3.6 Short Blades
 + Level 0.1 Throwing
 + Level 4.0 Armour
 + Level 0.4 Dodging
 + Level 4.7 Shields


You had 2 spell levels left.
You knew the following spells:

 Your Spells              Type           Power        Failure   Level  Hunger
a - Beastly Appendage     Tmut           #.....       99%         1    ##.....
b - Magic Dart            Conj           #...         99%         1    ##.....


Dungeon Overview and Level Annotations

Branches:
Dungeon (4/15)
 Temple: D:4-7

Altars:
Sif Muna

Annotations:
D:4 Pikel


Message History

* * * LOW HITPOINT WARNING * * *
The slave hits you.
* * * LOW HITPOINT WARNING * * *
The slave closely misses you.
You hit Pikel but do no damage.
Pikel is moderately wounded.
The slave hits you but does no damage. The slave completely misses you.
You block Pikel's attack. The slave hits you but does no damage.
You block the slave's attack. The slave hits you but does no damage.
You hit Pikel.
Pikel is heavily wounded.
You block the slave's attack. You block Pikel's attack.
The slave completely misses you. The slave hits you.
* * * LOW HITPOINT WARNING * * *
The slave hits you but does no damage. You block the slave's attack.
You hit Pikel.
Pikel is heavily wounded.
Pikel completely misses you. You block the slave's attack. x2
The slave hits you.
You die...

#######
##############.....#
#...........:#.....#
#............'.....#
#.p@K........#.....# .
##ppp.##.....#.....#
#.#####.....########.....#
............##.....#.....#
#.....#...........#...(.#
#.....'...........#.....#
#.....#....##.....#.....#
+.....#....##'#####.....#
#.....#....#.p..........#


You could see Pikel and 4 slaves.

Vanquished Creatures
  Robin (D:2)
  8 adders
  3 oozes
  3 worms
  A dart slug (D:1)
  2 leopard geckos
  4 orcs (D:3)
  2 giant cockroaches (D:1)
  16 goblins
  13 hobgoblins
  2 quokkas
  4 ball pythons
  12 bats
  4 frilled lizards
  10 kobolds
  A leopard gecko skeleton (D:4)
  6 rats
92 creatures vanquished.

Vanquished Creatures (others)
  An orc (D:3)
1 creature vanquished.

Grand Total: 93 creatures vanquished

Notes
Turn   | Place    | Note
-------+----------+-------------------------------------------
     0 | D:1      | Alfie the Hill Orc Fighter began the quest for the Orb.
     0 | D:1      | Reached XP level 1. HP: 19/19 MP: 1/1
   198 | D:1      | Reached XP level 2. HP: 25/27 MP: 2/2
   564 | D:1      | Reached XP level 3. HP: 33/33 MP: 3/3
  1073 | D:2      | Reached XP level 4. HP: 33/40 MP: 4/4
  1236 | D:2      | Found a deep blue altar of Sif Muna.
  1297 | D:2      | Noticed Robin
  1305 | D:2      | Killed Robin
  1372 | D:2      | Reached XP level 5. HP: 34/47 MP: 5/5
  2402 | D:4      | Learned a level 1 spell: Beastly Appendage
  2405 | D:4      | Learned a level 1 spell: Magic Dart
  2417 | D:4      | Noticed a slave
  2419 | D:4      | Noticed Pikel
  2419 | D:4      | Noticed a slave
  2419 | D:4      | Noticed a slave
  2422 | D:4      | Noticed a slave
  2443 | D:4      | Paralysed by Pikel for 4 turns
  2452 | D:4      | Paralysed by Pikel for 3 turns
  2461 | D:4      | HP: 1/47 [slave[Pikel] (4)]
  2462 | D:4      | Slain by a slave

Skill      XL: |  1  2  3  4  5 |
---------------+----------------+-----
Fighting       | 4 |  4.5
Shields        | 4 |  4.7
Short Blades   | 3 |  3.6
Armour         | 4 |  4.0
Throwing       | |  0.1
Dodging        | |  0.4

Action                   |  1- 3 |  4- 6 || total
-------------------------+-------+-------++-------
Melee: Rapier            |   105 |   232 ||   337
Throw: Tomahawk          |       |     3 ||     3
  Use: Scroll            |       |     7 ||     7
       Potion            |       |     4 ||     4
  Eat: Fruit             |     1 |       ||     1
       Bread ration      |       |     1 ||     1
Armor: Scale mail        |    58 |    96 ||   154
Dodge: Dodged            |    34 |    90 ||   124
Block: Shield            |    45 |   200 ||   245
       Reflection        |       |     6 ||     6
